AoeStats
← 陪然然等花开

Hill Fort

506364701Analyzed
4v4 RM · 20d ago on Sep 13, 2026· 66m 2s· 8 players
Game mode
Random Map
Map size
Large (8 player)
Population
200
Speed
Normal
Resources
Standard
Victory
Conquest
Starting age
Dark Age
Ending age
Imperial Age
RankedLock teamsTeams togetherTeam positionsShared explorationLock speedFull tech treeHidden civsTurbo modeCheats
Victory
Defeat
🇹🇷 Slavs · Türkiye
656
+12
🇩🇰 Japanese · Denmark
535
+17
🇬🇧 Bohemians · United Kingdom
512
+18
🇩🇰 Teutons · Denmark
485
+20
🇨🇳 Persians · China
634
-19
🇩🇪 Persians · Germany
585
-18
🇭🇰 Khmer · Hong Kong SAR China
567
-17
🇨🇳 Sicilians · China
469
-13
今天是魔王
0:43 Loom
12:16 Feudal Age
18:33 Castle Age
20:22 Double-Bit Axe
20:37 Gold Mining
20:40 Stone Mining
21:51 Horse Collar
25:48 Wheelbarrow
27:47 Heavy Plow
28:05 Bow Saw
39:18 Husbandry
39:30 Bloodlines
40:02 Fletching
44:21 Imperial Age
42:23 Murder Holes
42:48 Light Cavalry
43:35 Bodkin Arrow
43:48 Scale Barding Armor
43:54 Forging
43:46 Padded Archer Armor
44:01 Masonry
45:44 Crop Rotation
46:07 Hand Cart
45:48 Town Watch
47:22 Architecture
46:59 Siege Engineers
47:34 Iron Casting
49:57 Conscription
50:19 Hoardings
50:58 Gold Shaft Mining
51:13 Stone Shaft Mining
54:41 Heavy Scorpion
56:38 Double Crossbow
58:01 Leather Archer Armor
57:48 Bracer
陪然然等花开
604569544
12:25 Feudal Age
13:05 Town Watch
13:26 Horse Collar
18:43 Wheelbarrow
18:56 Double-Bit Axe
21:03 Fletching
24:46 Castle Age
23:15 Scale Mail Armor
24:53 Forging
25:00 Padded Archer Armor
25:51 Pikeman
27:57 Hand Cart
28:53 Crossbowman
30:33 Bow Saw
30:44 Leather Archer Armor
37:34 Town Patrol
38:53 Heavy Plow
40:26 Gold Mining
40:27 Stone Mining
40:58 Elite Skirmisher
42:27 Masonry
42:14 Murder Holes
42:57 Iron Casting
42:18 Bodkin Arrow
45:09 First Crusade
50:29 Imperial Age
52:41 Halberdier
Campdavid88
3:38 Loom
11:19 Feudal Age
11:39 Horse Collar
11:51 Double-Bit Axe
14:48 Wheelbarrow
25:41 Castle Age
24:54 Gold Mining
24:55 Stone Mining
27:55 Hand Cart
27:53 Bow Saw
27:55 Heavy Plow
34:10 Fletching
37:15 Gold Shaft Mining
39:38 Imperial Age
37:36 Town Watch
38:28 Elite Skirmisher
39:55 Stone Shaft Mining
39:23 Padded Archer Armor
39:34 Forging
39:32 Scale Barding Armor
40:42 Pikeman
41:52 Conscription
41:58 Elite Skirmisher
43:54 Leather Archer Armor
44:30 Thumb Ring
43:47 Crossbowman
45:51 Kamandaran
49:15 Ring Archer Armor
48:42 Bodkin Arrow
48:50 Scale Mail Armor
49:27 Iron Casting
52:09 Crop Rotation
52:42 Two-Man Saw
52:36 Murder Holes
57:38 Chain Barding Armor
58:19 Blast Furnace
57:36 Squires
57:22 Arson
56:58 Halberdier
59:54 Ballistics
60:28 Plate Barding Armor
60:40 Masonry
62:07 Elite War Elephant
64:13 Plate Barding Armor
BlacKHazE.
11:51 Loom
16:13 Feudal Age
18:01 Wheelbarrow
18:00 Gold Mining
18:27 Double-Bit Axe
18:29 Man-at-Arms
18:55 Arson
22:47 Fishing Lines
24:14 Scale Mail Armor
24:25 Forging
31:43 Castle Age
32:15 Gambesons
32:32 Squires
31:55 Long Swordsman
34:11 Chain Mail Armor
34:32 Iron Casting
36:20 Gillnets
36:56 Hand Cart
37:11 Scale Barding Armor
38:27 Bow Saw
39:36 Bloodlines
49:27 Imperial Age
50:25 Elite Samurai
51:43 Plate Mail Armor
52:15 Blast Furnace
52:11 Two-Handed Swordsman
53:39 Champion
53:42 Cavalier
56:07 Chemistry
55:15 Siege Engineers
55:31 Ballistics
55:35 Kataparuto
58:25 Chain Barding Armor
59:13 Conscription
58:15 Capped Ram
canbomexes
16:49 Feudal Age
18:09 Wheelbarrow
17:17 Horse Collar
17:25 Double-Bit Axe
17:32 Gold Mining
17:35 Stone Mining
23:08 Castle Age
24:12 Hand Cart
24:21 Heavy Plow
24:34 Bow Saw
25:00 Pikeman
38:02 Imperial Age
36:55 Scale Barding Armor
36:50 Scale Mail Armor
37:01 Forging
36:41 Fletching
36:52 Padded Archer Armor
39:09 Elite Boyar
39:38 Heavy Scorpion
46:04 Two-Man Saw
45:47 Gold Shaft Mining
46:13 Halberdier
46:54 Squires
47:20 Chain Barding Armor
47:16 Chain Mail Armor
47:36 Iron Casting
46:57 Bodkin Arrow
47:17 Leather Archer Armor
fight for your rights
0:55 Loom
10:56 Feudal Age
15:39 Double-Bit Axe
20:17 Wheelbarrow
20:49 Horse Collar
21:37 Gold Mining
27:34 Castle Age
25:28 Town Watch
26:13 Stone Mining
27:37 Pikeman
28:18 Squires
28:05 Gambesons
28:21 Arson
28:59 Bow Saw
29:13 Scale Mail Armor
30:19 Chain Mail Armor
30:54 Forging
32:27 Hand Cart
35:32 Stone Shaft Mining
41:18 Imperial Age
38:51 Town Patrol
42:09 Iron Casting
42:47 Plate Mail Armor
45:39 Chemistry
44:31 Guard Tower
45:04 Ballistics
44:30 Arrowslits
44:58 Fortified Wall
48:12 Blast Furnace
48:36 Caravan
49:06 Coinage
48:47 Guilds
49:23 Cavalier
50:17 Bloodlines
50:19 Scale Barding Armor
51:53 Crenellations
52:28 Chain Barding Armor
51:32 Halberdier
52:31 Paladin
55:21 Plate Barding Armor
58:16 Bombard Tower
58:33 Keep
57:49 Heated Shot
58:11 Masonry
58:07 Siege Engineers
58:07 Padded Archer Armor
57:58 Fletching
63:05 Heavy Plow
vw372865
Connection lost

Rejoining the realm…

Still unreachable

The connection could not be restored.

Session expired

The server has moved on; the page needs a fresh start.